Map: Heavy Artillery LE

Players

BlackHole - Winner!

  • Race: Terran Terran
  • Spawn Location: 3:00

MattBarry - Winner!

  • Race: Zerg Zerg
  • League: Gold
  • Spawn Location: 1:00

VOD

Have the link to the VOD?

Description

Time

  • Played on: Feb. 10, 2023, 2:11 p.m.
  • Length: 29:09
Show
View Real Time Build Order
Export as new Build Order

BlackHole Terran - Winner!

Build Orders:  

Get SALT Encoding   

  12  0:01  SCV  
  13  0:30  SCV  
  13  0:38  Supply Depot  
  14  0:47  SCV  
  15  1:38  SCV  
  16  1:46  Refinery  
  16  1:48  Supply Depot  
  16  1:51  Refinery  
  16  1:55  SCV  
  17  2:13  SCV  
  18  2:22  Supply Depot  
  18  2:26  Barracks  
  18  2:29  SCV  
  19  2:46  SCV  
  20  2:55  Barracks  
  20  3:08  SCV  
  21  3:16  Command Center  
  21  3:25  SCV  
  22  3:32  Barracks Reactor  
  22  3:42  SCV  
  23  4:03  SCV  
  24  4:20  SCV  
  25  4:37  SCV  
  26  4:43  Barracks Reactor  
  26  4:54  SCV  
  26  4:59  Refinery  
  33  5:20  SCV  
  27  5:21  Factory  
  27  5:24  SCV  
  29  5:32  Refinery  
  29  5:36  SCV  
  29  5:37  Factory  
  30  5:41  SCV  
  30  5:42  Marine x2  
  30  5:43  Marine x2  
  35  5:53  SCV  
  35  5:58  SCV  
  37  6:07  Marine x2  
  37  6:08  Marine x2  
  41  6:15  SCV  
  42  6:32  Marine x2, SCV  
  42  6:33  Marine x2  
  42  6:37  Barracks  
  47  6:43  Factory Tech Lab x2  
  47  6:49  SCV  
  48  6:51  SCV  
  48  6:57  Marine x2  
  51  7:06  SCV  
  51  7:08  SCV  
  53  7:25  Supply Depot, SCV  
  53  7:27  Supply Depot x2  
  54  7:55  Hellion x2  
  58  8:25  Hellion x2  
  62  8:34  Factory  
  62  8:55  Barracks Tech Lab, Hellion x2  
  66  9:25  Siege Tank x2  
  72  9:34  Factory Tech Lab  
  72  9:37  SCV  
  73  9:54  SCV  
  74  10:05  Command Center  
  74  10:10  Siege Tank  
  74  10:11  SCV  
  78  10:26  Unknown  
  78  11:05  Supply Depot  
  78  11:09  Supply Depot, Orbital Command  
  78  11:15  Siege Tank  
  78  11:16  Siege Tank x2  
  78  11:35  Marine, SCV, Siege Tank x2  
  78  11:38  Marine x3, Marauder  
  83  11:46  Stimpack  
  83  11:49  Refinery  
  83  11:52  SCV  
  83  11:56  Siege Tank x2  
  80  12:00  Marine  
  80  12:03  Marine x3  
  80  12:08  Marauder  
  86  12:14  Siege Tank x2  
  86  12:20  Siege Tank x2  
  86  12:21  Refinery  
  86  12:25  Marine  
  86  12:28  Marine x3  
  93  12:38  Marauder  
  95  12:50  Marine  
  95  12:53  Marine x3  
  99  13:05  Siege Tank x2  
  99  13:08  Marine  
  106  13:15  Marine  
  106  13:18  Marine x3  
  85  13:31  Unknown  
  85  13:33  Marauder  
  85  13:38  Unknown  
  70  13:50  Siege Tank  
  70  13:53  Marine x4  
  77  14:01  Siege Tank  
  77  14:03  Marauder  
  77  14:04  Siege Tank  
  85  14:12  SCV  
  85  14:17  Marine, SCV  
  85  14:18  Marine x3  
  91  14:29  SCV  
  92  14:31  Supply Depot  
  92  14:33  Marauder  
  92  14:34  SCV  
  92  14:35  Siege Tank  
  92  14:36  Concussive Shells  
  98  14:40  Supply Depot  
  98  14:42  Marine  
  98  14:43  Marine x3  
  98  14:46  SCV, Siege Tank  
  98  14:49  Siege Tank  
  109  15:01  SCV  
  109  15:03  SCV, Marauder  
  109  15:07  Marine, Siege Tank x5  
  109  15:08  Marine x3  
  93  15:20  SCV, Siege Tank  
  121  15:31  Siege Tank  
  124  16:35  Hellion x2  
  124  16:36  Marauder  
  77  17:03  Siege Tank  
  77  17:05  Hellion x2  
  77  17:08  Marine x4  
  77  17:09  Marine  
  83  17:33  Marine x4  
  83  17:34  Marauder  
  83  17:35  Hellion x2  
  93  17:47  Hellion  
  93  17:49  Starport  
  95  17:51  Starport  
  95  17:52  SCV  
  95  17:56  Starport  
  95  17:57  Marine  
  95  17:58  Marine x3  
  95  17:59  Orbital Command  
  100  18:00  Command Center  
  100  18:03  Marauder  
  100  18:04  Refinery  
  100  18:05  Siege Tank x2  
  100  18:09  SCV  
  109  18:10  Refinery  
  109  18:17  Hellion  
  111  18:22  Marine  
  111  18:23  Marine x3, Siege Tank  
  111  18:26  SCV  
  116  18:33  Marauder  
  118  18:50  Siege Tank x2  
  118  18:53  Siege Tank  
  118  18:55  Siege Tank x2  
  121  19:03  Marauder  
  123  19:27  Unknown  
  123  19:28  Unknown  
  123  19:29  Siege Tank x4  
  115  19:35  Siege Tank x2  
  115  19:55  Siege Tank x5  
  94  20:41  Siege Tank  
  94  20:47  Siege Tank x3  
  103  20:58  Marine x2  
  103  20:59  Marine x3  
  100  21:11  Unknown  
  100  21:12  Unknown  
  100  21:15  Unknown  
  94  21:23  Marine x3  
  94  21:24  Marine x2  
  99  21:32  Hellion, Siege Tank x2  
  107  21:46  SCV  
  107  21:48  Marine x3  
  107  21:49  Marine, Marauder  
  114  22:00  SCV  
  114  22:02  Hellion  
  114  22:03  SCV  
  114  22:06  SCV  
  119  22:13  Marine x3, Starport Tech Lab x3, Siege Tank x9  
  119  22:14  Marine  
  119  22:17  SCV, Hellion x2  
  119  22:19  Marauder  
  130  22:20  SCV  
  130  22:23  SCV  
  130  22:28  Fusion Core  
  132  22:32  Hellion  
  132  22:34  SCV  
  132  22:35  Armory  
  132  22:37  SCV  
  136  22:40  SCV, Engineering Bay  
  136  22:44  Engineering Bay  
  136  22:47  Hellion  
  136  22:49  Marauder, Siege Tank x9  
  141  22:54  SCV  
  142  23:18  Siege Tank x11  
  141  23:25  Unknown  
  141  23:42  Armory  
  135  24:28  Siege Tank x10  
  134  24:41  Marine  
  134  24:42  Marine x4  
  123  24:50  Armory  
  123  24:55  Terran Vehicle Weapons Level 1, Terran Ship Weapons Level 1  
  123  25:00  Terran Infantry Armor Level 1, Terran Infantry Weapons Level 1  
  123  25:03  Siege Tank x2, Medivac x3  
  123  25:04  Siege Tank x8  
  123  25:06  Marine x2  
  123  25:07  Marine x3  
  134  25:31  Marine x2  
  134  25:32  Marine x3  
  139  25:45  Battlecruiser x2, Medivac  
  139  25:49  Siege Tank x8  
  153  25:56  Marine x2  
  153  25:57  Marine x2, Marauder  
  156  26:27  Marauder, Battlecruiser  
  164  27:15  Battlecruiser  
  170  27:42  Siege Tank x6  
Show
View Real Time Build Order
Export as new Build Order

MattBarry Zerg - Winner!

Build Orders:  

Get SALT Encoding   

  12  0:03  Drone  
  13  0:18  Drone  
  14  0:38  Overlord  
  14  0:43  Drone, Extractor  
  15  1:14  Hatchery  
  14  1:36  Drone  
  14  1:37  Drone x2  
  17  1:41  Extractor  
  17  1:47  Spawning Pool  
  15  1:57  Drone  
  16  2:12  Drone  
  17  2:35  Drone  
  17  2:38  Drone  
  19  2:53  Zergling x2  
  19  2:55  Queen x2  
  24  3:06  Drone  
  25  3:22  Overlord  
  25  3:24  Zergling x2  
  25  3:26  Zergling x2  
  25  3:27  Zergling x2  
  28  3:35  Baneling Nest  
  27  4:01  Queen  
  27  4:02  Queen  
  27  4:03  Drone  
  32  4:42  Drone x3  
  35  5:00  Metabolic Boost  
  35  5:08  Drone  
  35  5:09  Overlord x2  
  35  5:25  Overlord x2  
  32  6:01  Zergling x6, Roach Warren  
  32  6:02  Zergling x8  
  32  6:09  Queen  
  40  6:11  Evolution Chamber x2  
  40  6:17  Drone  
  40  6:18  Extractor x2  
  37  6:20  Zergling x2  
  38  6:58  Roach x5  
  48  7:07  Drone  
  48  7:08  Drone x2  
  51  7:26  Zerg Ground Armor Level 1  
  54  7:51  Drone x2  
  54  7:52  Drone x4  
  60  8:16  Drone x2  
  60  8:17  Drone x4  
  66  8:34  Hatchery  
  66  8:37  Roach  
  64  9:08  Roach  
  65  9:10  Overlord x2  
  65  9:19  Roach  
  67  9:21  Lair  
  67  9:38  Extractor  
  66  9:46  Drone x4  
  66  9:47  Overlord  
  70  9:51  Zergling x10  
  75  10:38  Roach x5  
  75  10:39  Roach x2  
  92  10:55  Queen  
  92  10:58  Drone x3  
  97  11:03  Overlord x3  
  97  11:06  Extractor  
  97  11:07  Extractor  
  95  11:13  Roach  
  95  11:19  Unknown  
  84  11:37  Roach x8  
  87  11:49  Zergling x8  
  86  12:10  Roach x9  
  104  12:43  Drone x3  
  104  12:44  Drone x3  
  104  12:45  Overlord x2  
  104  12:49  Unknown, Drone x2  
  112  12:50  Drone x3  
  114  13:06  Overlord  
  114  13:07  Overlord x3  
  114  13:09  Unknown  
  81  13:50  Zerg Missile Weapons Level 1  
  81  13:51  Hydralisk Den  
  81  13:52  Zerg Melee Weapons Level 1  
  78  14:22  Drone x2  
  78  14:23  Drone x4  
  78  14:25  Drone x3  
  87  15:08  Lurker Den  
  86  15:15  Hydralisk x2  
  86  15:16  Infestation Pit, Hydralisk x6  
  86  15:17  Hydralisk x4  
  86  15:18  Zergling x6  
  86  15:19  Zergling x8  
  116  15:20  Zergling x2  
  117  15:30  Queen x2  
  117  15:32  Queen  
  123  15:45  Overseer  
  123  15:51  Overlord x2  
  123  15:58  Hydralisk x4  
  123  15:59  Hydralisk  
  133  16:13  Roach x2  
  133  16:14  Roach x3  
  133  16:19  Glial Reconstitution  
  143  16:25  Hatchery  
  142  16:56  Unknown  
  138  17:03  Hydralisk  
  138  17:04  Hydralisk x6  
  138  17:05  Hydralisk  
  146  17:11  Hive  
  140  18:06  Zerg Missile Weapons Level 2  
  140  18:18  Pneumatized Carapace  
  140  18:26  Lurker  
  140  18:27  Lurker x5  
  140  18:28  Lurker  
  140  18:29  Hatchery  
  146  18:57  Hydralisk x6  
  146  18:59  Overlord x5  
  142  19:38  Unknown  
  142  19:49  Lurker x3  
  145  20:04  Unknown  
  145  20:08  Hydralisk  
  145  20:09  Hydralisk x5  
  149  20:10  Hydralisk x4  
  139  20:38  Hydralisk x6  
  147  20:42  Unknown  
  139  21:24  Hydralisk x10  
  139  21:26  Hatchery  
  158  21:36  Hatchery, Extractor  
  158  21:39  Extractor  
  155  21:46  Extractor  
  155  21:48  Extractor  
  151  22:25  Hydralisk x3, Overlord x2  
  151  22:26  Hydralisk x5  
  167  22:39  Zerg Missile Weapons Level 3  
  137  24:16  Unknown  
  137  24:19  Hydralisk  
  139  24:20  Hydralisk x18  
  175  24:39  Drone x10  
  181  24:40  Drone x4  
  181  24:49  Queen  
  182  25:10  Lurker  
  182  25:11  Lurker x4  
  179  27:47  Hydralisk x4  
  200  29:05  Unknown  
Tags
 
League
Gold
Matchup
Co-op
Replay Pack
Multiplayer
Add a new tag
Caveats
  • Supply blocks, unpowered buildings, or Contaminate may cause inaccurate times.
  • Supply counts are checked every 10 seconds.